MapleLeafs vs Canadiens (R4)

Created - 25 février 2021 at 20:55

Goals
1 2 3 T
MapleLeafs 1 0 1 2
Canadiens 0 1 0 1
Shots
1 2 3 T
MapleLeafs 5 11 5 21
Canadiens 12 13 2 27

1st period

1. MapleLeafs , Pierre-Luc Dubois 13 (Nikita Kucherov 37, Tyler Johnson 24) at 2:58

Penalties :
Taylor Hall (TOR) for Hooking (Minor) at 3:07, Nate Schmidt (MTL) for Charging (Minor) at 14:58, Michael Del Zotto (TOR) for Holding (Minor) at 16:14

2nd period

2. Canadiens , Nate Schmidt 5 (Auston Matthews 31, Cam Fowler 38) at 16:24 (PP)

Penalties :
Ilya Kovalchuk (MTL) for Hooking (Minor) at 0:55, Jay Beagle (TOR) for Roughing (Minor) at 15:06, Danny DeKeyser (MTL) for Slashing (Minor) at 16:48

3rd period

3. MapleLeafs , Tyler Johnson 18 (Nikita Kucherov 38, Mike Matheson 15) at 19:19

Penalties :
Josh Morrissey (MTL) for Tripping (Minor) at 3:14, Colin White (MTL) for Tripping (Minor) at 16:50

Goalie Stats

Braden Holtby (TOR), 26 saves from 27 shots - (0,963), W, 21-19-8, 60:00 minutes
Mackenzie Blackwood (MTL), 19 saves from 21 shots - (0,905), L, 17-6-2, 59:45 minutes

Players Stats for MapleLeafs

Player Name              G  A  P  +/- PIM S  H  SB GA TA FO     MP     PP MP  PK MP  
------------------------------------------------------------------------------------
Anton Stralman           0  0  0   0  0   1  2  2  0  0  0/0    24:02   4:01   1:19 
Chris Tanev              0  0  0   1  0   0  1  2  0  0  0/0    13:59   0:00   0:50 
Cody Ceci                0  0  0   0  0   0  9  2  0  0  0/0    23:32   4:01   1:23 
James Neal               0  0  0   0  0   0  1  1  0  0  0/0    15:25   3:25   0:00 
Jason Zucker             0  0  0   0  0   3  1  0  0  0  1/3    17:00   2:42   0:06 
Jay Beagle               0  0  0   0  2   1  1  0  0  0  9/15   15:49   0:00   1:56 
Jesper Bratt             0  0  0   0  0   0  0  0  0  0  0/0     7:26   1:13   0:24 
Joel Armia               0  0  0   0  0   0  1  0  0  0  0/1    10:32   0:30   2:50 
Joel Edmundson           0  0  0   1  0   0  3  3  0  0  0/0    17:35   0:00   3:14 
Kyle Okposo              0  0  0   0  0   1  0  1  0  0  0/0     6:27   5:11   1:13 
Matt Duchene             0  0  0   0  0   1  0  0  0  0  13/21  21:18   2:24   1:18 
Michael Del Zotto        0  0  0   1  2   1  2  2  0  0  0/0    21:51   5:10   2:20 
Mike Matheson            0  1  1   1  0   0  1  0  0  0  0/0    13:43   0:00   0:00 
Nikita Kucherov          0  2  2   2  0   2  1  0  0  0  1/2    18:54   5:17   0:00 
Ondrej Palat             0  0  0   0  0   3  2  0  0  0  0/2    13:51   1:31   0:00 
Pierre-Luc Dubois        1  0  1   2  0   6  1  1  0  0  0/0    19:00   5:17   0:06 
Taylor Hall              0  0  0   0  2   1  3  0  0  0  0/1    13:28   0:00   0:00 
Tyler Johnson            1  1  2   2  0   1  1  0  0  0  13/24  20:49   5:17   1:13 

Players Stats for Canadiens

Player Name              G  A  P  +/- PIM S  H  SB GA TA FO     MP     PP MP  PK MP  
------------------------------------------------------------------------------------
Artturi Lehkonen         0  0  0   0  0   0  2  0  0  0  0/1    14:04   0:00   3:17 
Auston Matthews          0  1  1  -1  0   2  5  0  0  0  9/23   20:12   2:07   0:00 
Cam Fowler               0  1  1  -1  0   2  2  2  0  0  0/0    22:15   2:08   4:25 
Colin White              0  0  0   0  2   1  1  1  0  0  6/8    10:46   0:00   0:00 
Danny DeKeyser           0  0  0  -1  2   1  3  1  0  0  0/0    16:07   0:00   2:03 
David Krejci             0  0  0   0  0   2  0  0  0  0  7/14   14:30   2:26   0:00 
Ilya Kovalchuk           0  0  0   0  2   3  2  0  0  0  0/1    14:29   2:26   0:00 
Ivan Provorov            0  0  0   0  0   4  6  2  0  0  0/0    24:26   2:25   4:53 
Jakob Silfverberg        0  0  0   0  0   4  1  0  0  0  1/2    17:00   2:26   2:30 
Josh Morrissey           0  0  0   0  2   2  0  1  0  0  0/0    22:29   2:25   3:37 
Loui Eriksson            0  0  0  -1  0   0  0  0  0  0  0/0    11:02   0:00   5:43 
Nate Schmidt             1  0  1  -1  2   2  0  3  0  0  0/0    20:32   2:08   3:23 
Nick Shore               0  0  0  -1  0   0  1  0  0  0  8/14   10:54   0:00   5:35 
Patrick Kane             0  0  0  -1  0   0  2  0  0  0  0/1    20:12   2:07   0:00 
Teuvo Teravainen         0  0  0  -1  0   4  1  0  0  0  0/2    19:29   2:07   0:00 
Travis Sanheim           0  0  0  -1  0   0  0  1  0  0  0/0    14:08   0:00   0:03 
Tyson Jost               0  0  0  -1  0   0  0  0  0  0  1/1     5:19   0:00   0:00 
Valeri Nichushkin        0  0  0   0  0   0  0  0  0  0  0/2    12:06   0:00   1:19 

3 Stars

1 - Tyler Johnson (TOR)
2 - Pierre-Luc Dubois (TOR)
3 - Nikita Kucherov (TOR)

Power Play

MapleLeafs - 0 on 5 Attempt(s) - 0,00%
Canadiens - 1 on 3 Attempt(s) - 33,33%

Penalty Kill

MapleLeafs - 2 on 3 Attempt(s) - 66,67% - Score 0 goal in Penalty Kill
Canadiens - 5 on 5 Attempt(s) - 100,00% - Score 0 goal in Penalty Kill

Team Stat

MapleLeafs - Hits : 30 - Faceoff Wins : 37 - Blocked Shots : 14 - Penalty Minutes : 6
Canadiens - Hits : 26 - Faceoff Wins : 32 - Blocked Shots : 11 - Penalty Minutes : 10

Official

Referees : Ian Walsh and Pierre Lambert
Linesman : Trent Knorr and Kyle Flemington

Game Notes

No Game Note

Finance

Level 1 -- Attendance: 5934 (91,29%) -- Ticket Income 712 080 $
Level 2 -- Attendance: 4849 (96,98%) -- Ticket Income 412 165 $
Level 3 -- Attendance: 3220 (92,00%) -- Ticket Income 209 300 $
Level 4 -- Attendance: 3222 (60,94%) -- Ticket Income 64 440 $
Luxury Box -- Attendance: 895 (89,50%) -- Ticket Income 196 900 $
Game was played at the Bell Centre.
Total Attendance: 18120 (85,12%)
Total Ticket Income: 1 594 885 $
Other Income: 781 494 $
Total Income: 2 376 379 $

% Time on Ice - MapleLeafs

Lines # - Real PCT - Wanted PCT - Time Play
Normal Forward
1 - 30% - 33% - 13:34
2 - 30% - 32% - 13:29
3 - 27% - 23% - 12:00
4 - 13% - 12% - 5:49
Normal Defense
1 - 37% - 40% - 16:26
2 - 32% - 35% - 14:24
3 - 31% - 25% - 13:43
4 - 1% - 0% - 0:19
PP Forward
1 - 57% - 55% - 5:17
2 - 43% - 45% - 3:55
PP Defense
1 - 44% - 55% - 4:01
2 - 56% - 45% - 5:11
PK Forward
1 - 71% - 55% - 3:14
2 - 29% - 45% - 1:19
PK Defense
1 - 27% - 60% - 1:13
2 - 73% - 40% - 3:20
PK3 Forward
1 - 0% - 55%
2 - 0% - 45%
PK3 Defense
1 - 0% - 60%
2 - 0% - 40%
44 Forward
1 - 100% - 54% - 0:43
2 - 0% - 46% - 0:00
44 Defense
1 - 100% - 50% - 0:43
2 - 0% - 50% - 0:00
Last Minute Offensive  - 0:00
Last Minute Defensive  - 0:40
Total
Forward - 60:00
Defense - 60:00

% Time on Ice - Canadiens

Lines # - Real PCT - Wanted PCT - Time Play
Normal Forward
1 - 37% - 40% - 16:42
2 - 27% - 30% - 12:04
3 - 24% - 20% - 10:47
4 - 12% - 10% - 5:19
Normal Defense
1 - 34% - 38% - 15:02
2 - 35% - 37% - 15:45
3 - 17% - 13% - 7:32
4 - 15% - 12% - 6:33
PP Forward
1 - 47% - 60% - 2:07
2 - 53% - 40% - 2:26
PP Defense
1 - 47% - 50% - 2:08
2 - 53% - 50% - 2:25
PK Forward
1 - 73% - 60% - 6:42
2 - 27% - 40% - 2:30
PK Defense
1 - 43% - 50% - 3:57
2 - 57% - 50% - 5:15
PK3 Forward
1 - 0% - 60%
2 - 0% - 40%
PK3 Defense
1 - 0% - 50%
2 - 0% - 50%
44 Forward
1 - 100% - 60% - 0:43
2 - 0% - 40% - 0:00
44 Defense
1 - 0% - 60% - 0:00
2 - 100% - 40% - 0:43
Last Minute Offensive  - 0:40
Last Minute Defensive  - 0:00
Total
Forward - 60:00
Defense - 60:00

Play-by-Play

1st period


0:01 of 1st period - Nikita Kucherov wins face-off versus Auston Matthews in neutral zone.
0:29 of 1st period - Shot by Nikita Kucherov.
0:29 of 1st period - Shot Hit the Post.
2:46 of 1st period - Shot by Matt Duchene.
2:46 of 1st period - Stopped by Mackenzie Blackwood without a rebound.
2:47 of 1st period - Tyler Johnson wins face-off versus Nick Shore in Canadiens zone.
2:58 of 1st period - Shot by Pierre-Luc Dubois.
2:58 of 1st period - Goal by Pierre-Luc Dubois - MapleLeafs : 1 - Canadiens : 0.
2:59 of 1st period - Jason Zucker wins face-off versus Auston Matthews in neutral zone.
3:07 of 1st period - Minor Penalty to Taylor Hall for Hooking.
3:08 of 1st period - Jay Beagle wins face-off versus Auston Matthews in MapleLeafs zone.
3:08 of 1st period - Cody Ceci is hit by Patrick Kane and loses puck.
3:25 of 1st period - Shot by Patrick Kane.
3:25 of 1st period - Shot Blocked by Joel Edmundson.
3:27 of 1st period - Shot by Ivan Provorov.
3:27 of 1st period - Shot Blocked by Michael Del Zotto.
3:29 of 1st period - Shot by Josh Morrissey.
3:29 of 1st period - Shot Misses the Net.
3:37 of 1st period - Shot by Ivan Provorov.
3:37 of 1st period - Stopped by Braden Holtby with a rebound.
3:41 of 1st period - Shot by Josh Morrissey.
3:41 of 1st period - Stopped by Braden Holtby with a rebound.
3:43 of 1st period - Shot by Teuvo Teravainen.
3:43 of 1st period - Stopped by Braden Holtby with a rebound.
3:45 of 1st period - Shot by Auston Matthews.
3:45 of 1st period - Shot Misses the Net.
3:47 of 1st period - Shot by Patrick Kane.
3:47 of 1st period - Shot Misses the Net.
3:49 of 1st period - Shot by Ivan Provorov.
3:49 of 1st period - Shot Blocked by Joel Edmundson.
3:51 of 1st period - Shot by Ivan Provorov.
3:51 of 1st period - Stopped by Braden Holtby with a rebound.
4:03 of 1st period - Shot by David Krejci.
4:03 of 1st period - Stopped by Braden Holtby without a rebound.
4:04 of 1st period - Jay Beagle wins face-off versus David Krejci in MapleLeafs zone.
4:22 of 1st period - Shot by David Krejci.
4:22 of 1st period - Shot Misses the Net.
5:03 of 1st period - Shot by Ivan Provorov.
5:03 of 1st period - Shot Blocked by Cody Ceci.
5:05 of 1st period - Shot by Ivan Provorov.
5:05 of 1st period - Stopped by Braden Holtby without a rebound.
5:06 of 1st period - Auston Matthews wins face-off versus Tyler Johnson in MapleLeafs zone.
5:07 of 1st period - Shot by Teuvo Teravainen.
5:07 of 1st period - Shot Misses the Net.
5:35 of 1st period - Shot by Taylor Hall.
5:35 of 1st period - Shot Misses the Net.
5:37 of 1st period - Shot by Mike Matheson.
5:37 of 1st period - Shot Blocked by Danny DeKeyser.
5:39 of 1st period - Shot by Jason Zucker.
5:39 of 1st period - Stopped by Mackenzie Blackwood without a rebound.
5:40 of 1st period - Auston Matthews wins face-off versus Tyler Johnson in Canadiens zone.
5:40 of 1st period - Teuvo Teravainen is hit by Tyler Johnson and loses puck.
5:49 of 1st period - Ivan Provorov is hit by Cody Ceci and loses puck.
5:52 of 1st period - Shot by Teuvo Teravainen.
5:52 of 1st period - Shot Misses the Net.
5:56 of 1st period - Shot by Auston Matthews.
5:56 of 1st period - Stopped by Braden Holtby with a rebound.
5:58 of 1st period - Shot by Josh Morrissey.
5:58 of 1st period - Shot Misses the Net.
6:00 of 1st period - Shot by Teuvo Teravainen.
6:00 of 1st period - Shot Blocked by Anton Stralman.
6:13 of 1st period - Teuvo Teravainen is hit by Cody Ceci and loses puck.
6:59 of 1st period - Icing by Cam Fowler.
7:00 of 1st period - Jay Beagle wins face-off versus David Krejci in Canadiens zone.
7:11 of 1st period - Shot by Ondrej Palat.
7:11 of 1st period - Shot Misses the Net.
8:26 of 1st period - Shot by Taylor Hall.
8:26 of 1st period - Shot Misses the Net.
8:44 of 1st period - Josh Morrissey is hit by Taylor Hall and loses puck.
8:57 of 1st period - Joel Armia is hit by Patrick Kane and loses puck.
9:46 of 1st period - Shot by Pierre-Luc Dubois.
9:46 of 1st period - Stopped by Mackenzie Blackwood without a rebound.
9:47 of 1st period - Tyson Jost wins face-off versus Matt Duchene in Canadiens zone.
11:00 of 1st period - Shot by Jakob Silfverberg.
11:00 of 1st period - Stopped by Braden Holtby with a rebound.
11:02 of 1st period - Shot by Travis Sanheim.
11:02 of 1st period - Shot Misses the Net.
11:04 of 1st period - Shot by Jakob Silfverberg.
11:04 of 1st period - Stopped by Braden Holtby with a rebound.
11:06 of 1st period - Shot by David Krejci.
11:06 of 1st period - Shot Blocked by Pierre-Luc Dubois.
11:08 of 1st period - Shot by Jakob Silfverberg.
11:08 of 1st period - Shot Blocked by Michael Del Zotto.
11:37 of 1st period - Nikita Kucherov is hit by Ivan Provorov and loses puck.
11:46 of 1st period - Icing by Joel Edmundson.
11:47 of 1st period - Tyler Johnson wins face-off versus Colin White in MapleLeafs zone.
12:15 of 1st period - Off-side.
12:16 of 1st period - Jay Beagle wins face-off versus Auston Matthews in neutral zone.
12:19 of 1st period - Patrick Kane is hit by Ondrej Palat and loses puck.
12:38 of 1st period - Shot by Auston Matthews.
12:38 of 1st period - Shot Misses the Net.
12:40 of 1st period - Shot by Nate Schmidt.
12:40 of 1st period - Stopped by Braden Holtby without a rebound.
12:41 of 1st period - Matt Duchene wins face-off versus David Krejci in MapleLeafs zone.
12:41 of 1st period - Taylor Hall is hit by Jakob Silfverberg and loses puck.
13:00 of 1st period - Shot by Jason Zucker.
13:00 of 1st period - Stopped by Mackenzie Blackwood without a rebound.
13:01 of 1st period - Matt Duchene wins face-off versus Auston Matthews in Canadiens zone.
13:12 of 1st period - Shot by Matt Duchene.
13:12 of 1st period - Shot Blocked by Nate Schmidt.
14:04 of 1st period - Icing by Nikita Kucherov.
14:05 of 1st period - Tyler Johnson wins face-off versus Valeri Nichushkin in MapleLeafs zone.
14:16 of 1st period - Off-side.
14:17 of 1st period - David Krejci wins face-off versus Jay Beagle in neutral zone.
14:17 of 1st period - Ivan Provorov is hit by Jay Beagle and loses puck.
14:37 of 1st period - Jakob Silfverberg is hit by Mike Matheson and loses puck.
14:42 of 1st period - Shot by Ilya Kovalchuk.
14:42 of 1st period - Deflect By Jakob Silfverberg.
14:42 of 1st period - Stopped by Braden Holtby without a rebound.
14:43 of 1st period - Matt Duchene wins face-off versus Auston Matthews in MapleLeafs zone.
14:45 of 1st period - Icing by Anton Stralman.
14:46 of 1st period - Matt Duchene wins face-off versus Auston Matthews in MapleLeafs zone.
14:57 of 1st period - Shot by Taylor Hall.
14:57 of 1st period - Shot Misses the Net.
14:58 of 1st period - Minor Penalty to Nate Schmidt for Charging.
14:59 of 1st period - Nick Shore wins face-off versus Tyler Johnson in Canadiens zone.
15:15 of 1st period - Shot by Nikita Kucherov.
15:15 of 1st period - Shot Misses the Net.
15:42 of 1st period - Icing by Kyle Okposo.
15:43 of 1st period - Jakob Silfverberg wins face-off versus Tyler Johnson in MapleLeafs zone.
15:54 of 1st period - Kyle Okposo is hit by Nick Shore and loses puck.
16:01 of 1st period - Shot by Cam Fowler.
16:01 of 1st period - Shot Blocked by Kyle Okposo.
16:14 of 1st period - Minor Penalty to Michael Del Zotto for Holding.
16:15 of 1st period - Auston Matthews wins face-off versus Joel Armia in MapleLeafs zone.
16:15 of 1st period - Ivan Provorov is hit by Cody Ceci and loses puck.
16:18 of 1st period - Shot by Ivan Provorov.
16:18 of 1st period - Shot Misses the Net.
16:34 of 1st period - Shot by Patrick Kane.
16:34 of 1st period - Shot Misses the Net.
16:36 of 1st period - Shot by Josh Morrissey.
16:36 of 1st period - Stopped by Braden Holtby with a rebound.
17:35 of 1st period - Shot by Cam Fowler.
17:35 of 1st period - Shot Misses the Net.
19:23 of 1st period - Icing by Tyson Jost.
19:24 of 1st period - Nick Shore wins face-off versus Jay Beagle in Canadiens zone.
19:24 of 1st period - Nick Shore is hit by James Neal.
Goals for this period are 1 for MapleLeafs vs 0 for Canadiens.
Shots for this period are 5 for MapleLeafs vs 12 for Canadiens.

2nd period


0:01 of 2nd period - Auston Matthews wins face-off versus Matt Duchene in neutral zone.
0:13 of 2nd period - Icing by Anton Stralman.
0:14 of 2nd period - Matt Duchene wins face-off versus David Krejci in MapleLeafs zone.
0:14 of 2nd period - Anton Stralman is hit by Ilya Kovalchuk.
0:17 of 2nd period - Taylor Hall is hit by Ilya Kovalchuk and loses puck.
0:35 of 2nd period - Taylor Hall is hit by Cam Fowler and loses puck.
0:47 of 2nd period - Cam Fowler is hit by Cody Ceci and loses puck.
0:50 of 2nd period - Shot by Ilya Kovalchuk.
0:50 of 2nd period - Stopped by Braden Holtby with a rebound.
0:52 of 2nd period - Shot by Jakob Silfverberg.
0:52 of 2nd period - Shot Misses the Net.
0:55 of 2nd period - Minor Penalty to Ilya Kovalchuk for Hooking.
0:56 of 2nd period - Nick Shore wins face-off versus Tyler Johnson in Canadiens zone.
2:36 of 2nd period - Shot by Michael Del Zotto.
2:36 of 2nd period - Deflect By Nikita Kucherov.
2:36 of 2nd period - Shot Blocked by Cam Fowler.
2:38 of 2nd period - Shot by Pierre-Luc Dubois.
2:38 of 2nd period - Shot Blocked by Cam Fowler.
2:40 of 2nd period - Shot by Kyle Okposo.
2:40 of 2nd period - Stopped by Mackenzie Blackwood with a rebound.
2:42 of 2nd period - Shot by Pierre-Luc Dubois.
2:42 of 2nd period - Stopped by Mackenzie Blackwood without a rebound.
2:43 of 2nd period - Matt Duchene wins face-off versus Valeri Nichushkin in Canadiens zone.
2:46 of 2nd period - Shot by Jason Zucker.
2:46 of 2nd period - Shot Blocked by Ivan Provorov.
3:29 of 2nd period - Shot by Teuvo Teravainen.
3:29 of 2nd period - Shot Blocked by Chris Tanev.
3:31 of 2nd period - Shot by Danny DeKeyser.
3:31 of 2nd period - Stopped by Braden Holtby with a rebound.
3:33 of 2nd period - Shot by Danny DeKeyser.
3:33 of 2nd period - Shot Blocked by Chris Tanev.
3:35 of 2nd period - Shot by Patrick Kane.
3:35 of 2nd period - Shot Blocked by James Neal.
4:11 of 2nd period - Shot by David Krejci.
4:11 of 2nd period - Deflect By Ilya Kovalchuk.
4:11 of 2nd period - Stopped by Braden Holtby without a rebound.
4:12 of 2nd period - Tyler Johnson wins face-off versus Artturi Lehkonen in MapleLeafs zone.
4:18 of 2nd period - Off-side.
4:19 of 2nd period - Colin White wins face-off versus Jason Zucker in neutral zone.
4:43 of 2nd period - Shot by Ivan Provorov.
4:43 of 2nd period - Shot Misses the Net.
4:50 of 2nd period - Off-side.
4:51 of 2nd period - Auston Matthews wins face-off versus Nikita Kucherov in neutral zone.
4:56 of 2nd period - Shot by Teuvo Teravainen.
4:56 of 2nd period - Stopped by Braden Holtby without a rebound.
4:57 of 2nd period - Tyler Johnson wins face-off versus Auston Matthews in MapleLeafs zone.
4:59 of 2nd period - Icing by Nikita Kucherov.
5:00 of 2nd period - Tyler Johnson wins face-off versus Auston Matthews in MapleLeafs zone.
5:00 of 2nd period - Tyler Johnson is hit by Auston Matthews.
5:10 of 2nd period - Shot by Pierre-Luc Dubois.
5:10 of 2nd period - Shot Misses the Net.
5:18 of 2nd period - Joel Edmundson is hit by Auston Matthews and loses puck.
6:13 of 2nd period - Shot by Ilya Kovalchuk.
6:13 of 2nd period - Stopped by Braden Holtby without a rebound.
6:14 of 2nd period - Colin White wins face-off versus Jay Beagle in MapleLeafs zone.
6:31 of 2nd period - Shot by Ondrej Palat.
6:31 of 2nd period - Stopped by Mackenzie Blackwood with a rebound.
6:49 of 2nd period - Shot by Jay Beagle.
6:49 of 2nd period - Shot Blocked by Colin White.
6:52 of 2nd period - Icing by Travis Sanheim.
6:53 of 2nd period - Colin White wins face-off versus Matt Duchene in Canadiens zone.
6:53 of 2nd period - Colin White is hit by Jason Zucker.
6:59 of 2nd period - Shot by Colin White.
6:59 of 2nd period - Stopped by Braden Holtby without a rebound.
7:00 of 2nd period - Matt Duchene wins face-off versus Patrick Kane in MapleLeafs zone.
7:00 of 2nd period - Matt Duchene is hit by Auston Matthews.
7:14 of 2nd period - Shot by Auston Matthews.
7:14 of 2nd period - Shot Misses the Net.
7:16 of 2nd period - Shot by Ivan Provorov.
7:16 of 2nd period - Stopped by Braden Holtby without a rebound.
7:17 of 2nd period - David Krejci wins face-off versus Tyler Johnson in MapleLeafs zone.
7:47 of 2nd period - Jakob Silfverberg is hit by Joel Edmundson.
7:53 of 2nd period - Shot by David Krejci.
7:53 of 2nd period - Stopped by Braden Holtby without a rebound.
7:54 of 2nd period - Auston Matthews wins face-off versus Matt Duchene in MapleLeafs zone.
7:55 of 2nd period - Shot by Patrick Kane.
7:55 of 2nd period - Shot Blocked by Anton Stralman.
8:13 of 2nd period - Shot by Matt Duchene.
8:13 of 2nd period - Shot Misses the Net.
8:15 of 2nd period - Shot by Taylor Hall.
8:15 of 2nd period - Shot Misses the Net.
8:33 of 2nd period - Shot by Teuvo Teravainen.
8:33 of 2nd period - Stopped by Braden Holtby without a rebound.
8:34 of 2nd period - Colin White wins face-off versus Jay Beagle in MapleLeafs zone.
9:34 of 2nd period - Icing by Ilya Kovalchuk.
9:35 of 2nd period - Matt Duchene wins face-off versus David Krejci in Canadiens zone.
9:42 of 2nd period - Shot by Jason Zucker.
9:42 of 2nd period - Stopped by Mackenzie Blackwood with a rebound.
9:44 of 2nd period - Shot by Anton Stralman.
9:44 of 2nd period - Stopped by Mackenzie Blackwood with a rebound.
9:46 of 2nd period - Shot by Cody Ceci.
9:46 of 2nd period - Shot Misses the Net.
10:10 of 2nd period - Shot by Matt Duchene.
10:10 of 2nd period - Shot Misses the Net.
10:35 of 2nd period - Off-side.
10:36 of 2nd period - Auston Matthews wins face-off versus Tyler Johnson in neutral zone.
10:40 of 2nd period - Off-side.
10:41 of 2nd period - Jay Beagle wins face-off versus Teuvo Teravainen in neutral zone.
10:41 of 2nd period - Jay Beagle is hit by Auston Matthews.
10:57 of 2nd period - Shot by Ondrej Palat.
10:57 of 2nd period - Shot Misses the Net.
10:59 of 2nd period - Shot by Ondrej Palat.
10:59 of 2nd period - Shot Misses the Net.
11:01 of 2nd period - Shot by Jay Beagle.
11:01 of 2nd period - Stopped by Mackenzie Blackwood with a rebound.
11:03 of 2nd period - Shot by Jay Beagle.
11:03 of 2nd period - Shot Blocked by Josh Morrissey.
11:05 of 2nd period - Shot by Jay Beagle.
11:05 of 2nd period - Shot Misses the Net.
11:47 of 2nd period - Anton Stralman is hit by Colin White and loses puck.
11:59 of 2nd period - Nikita Kucherov is hit by Cam Fowler and loses puck.
12:04 of 2nd period - Shot by Pierre-Luc Dubois.
12:04 of 2nd period - Shot Blocked by Nate Schmidt.
12:12 of 2nd period - Shot by Tyler Johnson.
12:12 of 2nd period - Shot Blocked by Nate Schmidt.
12:51 of 2nd period - Shot by Michael Del Zotto.
12:51 of 2nd period - Stopped by Mackenzie Blackwood without a rebound.
12:52 of 2nd period - Matt Duchene wins face-off versus Nick Shore in Canadiens zone.
13:32 of 2nd period - Ivan Provorov is hit by Joel Armia and loses puck.
13:46 of 2nd period - Icing by Nick Shore.
13:47 of 2nd period - Tyler Johnson wins face-off versus Nick Shore in Canadiens zone.
13:47 of 2nd period - Nikita Kucherov is hit by Ivan Provorov and loses puck.
14:05 of 2nd period - Tyler Johnson is hit by Auston Matthews and loses puck.
14:16 of 2nd period - Danny DeKeyser is hit by Pierre-Luc Dubois and loses puck.
14:23 of 2nd period - Shot by Pierre-Luc Dubois.
14:23 of 2nd period - Stopped by Mackenzie Blackwood with a rebound.
14:37 of 2nd period - Shot by Teuvo Teravainen.
14:37 of 2nd period - Stopped by Braden Holtby with a rebound.
15:04 of 2nd period - Icing by Cam Fowler.
15:05 of 2nd period - David Krejci wins face-off versus Ondrej Palat in Canadiens zone.
15:05 of 2nd period - David Krejci is hit by Ondrej Palat.
15:06 of 2nd period - Minor Penalty to Jay Beagle for Roughing.
15:07 of 2nd period - David Krejci wins face-off versus Matt Duchene in MapleLeafs zone.
15:10 of 2nd period - Shot by Cam Fowler.
15:10 of 2nd period - Stopped by Braden Holtby without a rebound.
15:11 of 2nd period - Matt Duchene wins face-off versus David Krejci in MapleLeafs zone.
15:46 of 2nd period - Shot by Ivan Provorov.
15:46 of 2nd period - Shot Blocked by Joel Edmundson.
16:22 of 2nd period - Shot by Auston Matthews.
16:22 of 2nd period - Stopped by Braden Holtby with a rebound.
16:24 of 2nd period - Shot by Nate Schmidt.
16:24 of 2nd period - Goal by Nate Schmidt - MapleLeafs : 1 - Canadiens : 1.
16:25 of 2nd period - Colin White wins face-off versus Ondrej Palat in neutral zone.
16:28 of 2nd period - Jay Beagle is hit by Artturi Lehkonen and loses puck.
16:48 of 2nd period - Minor Penalty to Danny DeKeyser for Slashing.
16:49 of 2nd period - Tyler Johnson wins face-off versus Nick Shore in Canadiens zone.
16:50 of 2nd period - Shot by Nikita Kucherov.
16:50 of 2nd period - Stopped by Mackenzie Blackwood without a rebound.
16:51 of 2nd period - Tyler Johnson wins face-off versus Nick Shore in Canadiens zone.
17:06 of 2nd period - Shot by Pierre-Luc Dubois.
17:06 of 2nd period - Stopped by Mackenzie Blackwood without a rebound.
17:07 of 2nd period - Nick Shore wins face-off versus Tyler Johnson in Canadiens zone.
18:11 of 2nd period - Icing by Kyle Okposo.
18:12 of 2nd period - Nick Shore wins face-off versus Matt Duchene in MapleLeafs zone.
19:13 of 2nd period - Shot by Ondrej Palat.
19:13 of 2nd period - Stopped by Mackenzie Blackwood without a rebound.
19:14 of 2nd period - Matt Duchene wins face-off versus David Krejci in Canadiens zone.
19:14 of 2nd period - Joel Armia is hit by Danny DeKeyser and loses puck.
19:26 of 2nd period - Jesper Bratt is hit by Danny DeKeyser.
19:38 of 2nd period - Shot by Jesper Bratt.
19:38 of 2nd period - Shot Misses the Net.
Goals for this period are 0 for MapleLeafs vs 1 for Canadiens.
Shots for this period are 11 for MapleLeafs vs 13 for Canadiens.

3rd period


0:01 of 3rd period - Matt Duchene wins face-off versus Auston Matthews in neutral zone.
0:04 of 3rd period - Josh Morrissey is hit by Taylor Hall and loses puck.
0:09 of 3rd period - Shot by Taylor Hall.
0:09 of 3rd period - Shot Misses the Net.
0:11 of 3rd period - Shot by Taylor Hall.
0:11 of 3rd period - Stopped by Mackenzie Blackwood with a rebound.
0:13 of 3rd period - Shot by Jason Zucker.
0:13 of 3rd period - Shot Misses the Net.
0:30 of 3rd period - Matt Duchene is hit by Ivan Provorov and loses puck.
0:49 of 3rd period - Shot by Tyler Johnson.
0:49 of 3rd period - Shot Misses the Net.
0:55 of 3rd period - Shot by Nikita Kucherov.
0:55 of 3rd period - Stopped by Mackenzie Blackwood without a rebound.
0:56 of 3rd period - Jay Beagle wins face-off versus Ilya Kovalchuk in Canadiens zone.
1:20 of 3rd period - Shot by Ondrej Palat.
1:20 of 3rd period - Stopped by Mackenzie Blackwood without a rebound.
1:21 of 3rd period - Colin White wins face-off versus Tyler Johnson in Canadiens zone.
1:21 of 3rd period - Colin White is hit by Nikita Kucherov.
1:39 of 3rd period - Nikita Kucherov is hit by Danny DeKeyser and loses puck.
1:51 of 3rd period - Travis Sanheim is hit by Cody Ceci and loses puck.
3:14 of 3rd period - Minor Penalty to Josh Morrissey for Tripping.
3:15 of 3rd period - Tyler Johnson wins face-off versus Nick Shore in Canadiens zone.
4:02 of 3rd period - Shot by Kyle Okposo.
4:02 of 3rd period - Shot Blocked by Ivan Provorov.
4:51 of 3rd period - Shot by Pierre-Luc Dubois.
4:51 of 3rd period - Stopped by Mackenzie Blackwood without a rebound.
4:52 of 3rd period - Nick Shore wins face-off versus Jason Zucker in Canadiens zone.
5:30 of 3rd period - Off-side.
5:31 of 3rd period - David Krejci wins face-off versus Tyler Johnson in neutral zone.
5:37 of 3rd period - David Krejci is hit by Chris Tanev and loses puck.
5:49 of 3rd period - Nikita Kucherov is hit by Ivan Provorov.
6:12 of 3rd period - Off-side.
6:13 of 3rd period - Matt Duchene wins face-off versus Auston Matthews in neutral zone.
6:35 of 3rd period - Auston Matthews is hit by Anton Stralman and loses puck.
7:29 of 3rd period - Artturi Lehkonen is hit by Joel Edmundson and loses puck.
7:33 of 3rd period - Artturi Lehkonen is hit by Joel Edmundson and loses puck.
7:36 of 3rd period - Shot by Colin White.
7:36 of 3rd period - Shot Misses the Net.
7:51 of 3rd period - Icing by Joel Edmundson.
7:52 of 3rd period - David Krejci wins face-off versus Jay Beagle in MapleLeafs zone.
7:52 of 3rd period - David Krejci is hit by Michael Del Zotto.
8:09 of 3rd period - Jakob Silfverberg is hit by Michael Del Zotto.
8:20 of 3rd period - Icing by Josh Morrissey.
8:21 of 3rd period - David Krejci wins face-off versus Taylor Hall in Canadiens zone.
8:21 of 3rd period - David Krejci is hit by Taylor Hall.
9:01 of 3rd period - Teuvo Teravainen is hit by Anton Stralman and loses puck.
9:07 of 3rd period - Teuvo Teravainen is hit by Cody Ceci and loses puck.
9:59 of 3rd period - Shot by Artturi Lehkonen.
9:59 of 3rd period - Shot Blocked by Cody Ceci.
10:04 of 3rd period - Icing by Anton Stralman.
10:05 of 3rd period - Nick Shore wins face-off versus Matt Duchene in MapleLeafs zone.
10:05 of 3rd period - Nick Shore is hit by Cody Ceci.
10:40 of 3rd period - Nick Shore is hit by Cody Ceci and loses puck.
11:15 of 3rd period - Shot by Jakob Silfverberg.
11:15 of 3rd period - Stopped by Braden Holtby without a rebound.
11:16 of 3rd period - Jay Beagle wins face-off versus Auston Matthews in MapleLeafs zone.
11:39 of 3rd period - Mike Matheson is hit by Teuvo Teravainen and loses puck.
11:52 of 3rd period - Shot by Ondrej Palat.
11:52 of 3rd period - Shot Blocked by Travis Sanheim.
12:47 of 3rd period - Shot by Pierre-Luc Dubois.
12:47 of 3rd period - Shot Misses the Net.
13:04 of 3rd period - Icing by Ivan Provorov.
13:05 of 3rd period - Tyler Johnson wins face-off versus Colin White in Canadiens zone.
13:33 of 3rd period - Michael Del Zotto is hit by Artturi Lehkonen and loses puck.
13:41 of 3rd period - Icing by Joel Edmundson.
13:42 of 3rd period - Auston Matthews wins face-off versus Tyler Johnson in MapleLeafs zone.
14:59 of 3rd period - Jakob Silfverberg is hit by Cody Ceci and loses puck.
15:39 of 3rd period - Shot by Pierre-Luc Dubois.
15:39 of 3rd period - Shot Misses the Net.
15:49 of 3rd period - Nikita Kucherov is hit by Ivan Provorov and loses puck.
16:50 of 3rd period - Minor Penalty to Colin White for Tripping.
16:51 of 3rd period - Tyler Johnson wins face-off versus Jakob Silfverberg in Canadiens zone.
16:57 of 3rd period - Pierre-Luc Dubois is hit by Ivan Provorov.
18:34 of 3rd period - Icing by Jesper Bratt.
18:35 of 3rd period - Nick Shore wins face-off versus Matt Duchene in MapleLeafs zone.
18:53 of 3rd period - Icing by Mike Matheson.
18:54 of 3rd period - Tyler Johnson wins face-off versus Teuvo Teravainen in MapleLeafs zone.
19:19 of 3rd period - Shot by Tyler Johnson.
19:19 of 3rd period - Goal by Tyler Johnson - MapleLeafs : 2 - Canadiens : 1.
19:20 of 3rd period - Auston Matthews wins face-off versus Jay Beagle in neutral zone.
19:27 of 3rd period - Icing by Cam Fowler.
19:28 of 3rd period - Jay Beagle wins face-off versus Auston Matthews in Canadiens zone.
19:33 of 3rd period - Shot by Jay Beagle.
19:33 of 3rd period - Shot Misses the Net.
19:45 of 3rd period - Canadiens, Mackenzie Blackwood is pulled from the net.
19:47 of 3rd period - Shot by Cam Fowler.
19:47 of 3rd period - Stopped by Braden Holtby without a rebound.
19:48 of 3rd period - Jay Beagle wins face-off versus Auston Matthews in MapleLeafs zone.
19:59 of 3rd period - Shot by Ondrej Palat.
19:59 of 3rd period - Shot Misses the Net.
Goals for this period are 1 for MapleLeafs vs 0 for Canadiens.
Shots for this period are 5 for MapleLeafs vs 2 for Canadiens.